 Dungeon Crawl Stone Soup version 0.18.1-48-g4cf74bf (webtiles) character file.

99 sdOOK the Ogre Mage (level 4, 0/39 HPs)
             Began as an Ogre Wizard on Aug 25, 2016.
             Slain by a gnoll
             ... wielding a +0 spear
              (7 damage)
             ... on level 3 of the Dungeon.
             The game lasted 00:21:36 (3089 turns).

sdOOK the Ogre Mage (Ogre Wizard)                   Turns: 3089, Time: 00:21:37

Health: 0/39       AC:  4    Str: 12    XL:     4   Next: 72%
Magic:  5/10       EV: 10    Int: 18    God:
Gold:   128        SH:  0    Dex:  8    Spells: 4 memorised, 5 levels left

rFire  . . .     SeeInvis .     e - +1 mace (crush)
rCold  . . .     Gourm    .     a - +1 robe
rNeg   . . .     Faith    .     (no shield)
rPois  .         Spirit   .     b - +0 hat
rElec  .         Dismiss  .     (no cloak)
rCorr  .         Reflect  .     (gloves unavailable)
SustAt .         Harm     .     (boots unavailable)
MR     .....                    (no amulet)
Stlth  ++........               (no ring)
                                h - ring of stealth

@: lethally poisoned (0 -> -1), repel missiles, not resistant to hostile
enchantments, unstealthy
A: unfitting armour, tough skin 1
a: no special abilities


You were on level 3 of the Dungeon.
You were not hungry.

You visited 1 branch of the dungeon, and saw 3 of its levels.

You collected 128 gold pieces.

Inventory:

Hand Weapons
 e - a +1 mace of crushing (weapon)
 p - a +1 mace of protection
Missiles
 l - 2 throwing nets (quivered)
Armour
 a - a +1 robe (worn)
 b - a +0 hat (worn)
Jewellery
 h - a ring of stealth (left hand)
Scrolls
 f - a scroll of fog
 i - 2 scrolls of identify
 n - a scroll of immolation
Potions
 g - a potion of curing
 k - a potion of cure mutation {unknown}
Books
 c - a book of Minor Magic

   Spells                             Type                      Level
   a - Magic Dart                     Conjuration                  1
   b - Blink                          Translocation                2
   c - Call Imp                       Summoning                    2
   d - Repel Missiles                 Charms/Air                   2
   e - Slow                           Hexes                        2
   f - Conjure Flame                  Conjuration/Fire             3
   g - Mephitic Cloud                 Conjuration/Poison/Air       3
Comestibles
 d - 4 bread rations
 q - a meat ration


   Skills:
 + Level 0.3 Maces & Flails
 + Level 2.6 Dodging
 + Level 1.6 Stealth
 + Level 4.9 Spellcasting
 + Level 1.2 Conjurations
 + Level 0.9 Summonings
 + Level 0.6 Translocations


You had 5 spell levels left.
You knew the following spells:

 Your Spells              Type           Power        Failure   Level  Hunger
a - Magic Dart            Conj           #...         12%         1    None
b - Call Imp              Summ           #.......     14%         2    #......
c - Repel Missiles        Chrm/Air       #.....       21%         2    #......
d - Blink                 Tloc           N/A          17%         2    #......


Dungeon Overview and Level Annotations

Branches:
Dungeon (3/15)

Altars:
Elyvilon

Annotations:
D:3 Terence


Innate Abilities, Weirdness & Mutations

You are too large for most types of armour.
You have tough skin (AC +1).


Message History

The gnoll hits you with a club.
The gnoll hits you from afar with a spear!
The gnoll hits you from afar with a spear.
* * * LOW HITPOINT WARNING * * *
The gnoll closely misses you.
Your magical contamination has completely faded away.
Drink which item? (? for menu, Esc to quit)
You feel much better. The gnoll barely misses you.
The gnoll hits you but does no damage. The gnoll hits you with a spear!
You hit the gnoll but do no damage.
The gnoll is severely wounded.
You feel sick. The gnoll hits you but does no damage.
The gnoll barely misses you.
The gnoll hits you from afar with a spear!
The gnoll hits you with a spear.
* * * LOW HITPOINT WARNING * * *
The gnoll hits you with a club.
* * * LOW HITPOINT WARNING * * *
The gnoll hits you from afar with a spear!
You die...

##.....#....................#
#.#.#.......#.#.#.#...######
#.....#......................
#.#)#.#.....####......#######
#.....#.....# ##.#####
##.##.....### #.####
#........# #....# ######...#
#######.# #...# #.@.gS..#
...# #g#g#.#.# ..###g@.(...#
.....#.#.#.#######
..................#
..###.#.#.#.#####.# .
#.......# #....#### .......


You could see Terence (inner flame), 4 gnolls and an adder (inner flame).

Vanquished Creatures
  4 adders
  3 oozes
  2 worms
  3 giant cockroaches
  3 goblins (D:1)
  8 hobgoblins
  A quokka (D:3)
  5 bats
  3 giant newts
  8 kobolds
  4 rats
44 creatures vanquished.

Vanquished Creatures (collateral kills)
  A goblin (D:2)
  A kobold (D:1)
  A rat (D:2)
3 creatures vanquished.

Grand Total: 47 creatures vanquished

Notes
Turn   | Place    | Note
--------------------------------------------------------------
     0 | D:1      | sdOOK the Ogre Wizard began the quest for the Orb.
     0 | D:1      | Reached XP level 1. HP: 16/16 MP: 5/5
   405 | D:1      | Reached skill level 4 in Spellcasting
   405 | D:1      | Reached XP level 2. HP: 24/24 MP: 2/7
   486 | D:1      | Learned a level 2 spell: Call Imp
   489 | D:1      | Learned a level 2 spell: Repel Missiles
   492 | D:1      | Learned a level 2 spell: Blink
  1288 | D:1      | Reached XP level 3. HP: 31/31 MP: 4/8
  1978 | D:2      | Reached skill level 1 in Conjurations
  1978 | D:2      | Reached XP level 4. HP: 39/39 MP: 5/10
  2849 | D:3      | Found a faded altar to an unknown god.
  2858 | D:3      | Became a worshipper of Elyvilon the Healer
  2858 | D:3      | Reached * piety under Elyvilon
  2888 | D:3      | Was placed under penance by Elyvilon
  2891 | D:3      | Fell from the grace of Elyvilon
  3057 | D:3      | Noticed Terence
  3089 | D:3      | Slain by a gnoll

Skill      XL: |  1  2  3 |
---------------+----------+-----
Spellcasting   | 4 |  4.9
Dodging        | 2 |  2.6
Conjurations   | 1 |  1.2
Maces & Flails | |  0.3
Stealth        | |  1.6
Summonings     | |  0.9
Translocations | |  0.6

Action                   |  1- 3 |  4- 6 || total
-------------------------+-------+-------++-------
Melee: Unarmed           |     7 |       ||     7
       Mace              |    35 |    24 ||    59
 Cast: Magic Dart        |    58 |    54 ||   112
       Call Imp          |     5 |     4 ||     9
       Blink             |       |     1 ||     1
       Repel Missiles    |       |     1 ||     1
Invok: Divine Protection |       |     1 ||     1
       Renounce Religion |       |     1 ||     1
  Use: Scroll            |     2 |     4 ||     6
       Potion            |     3 |     3 ||     6
 Stab: Sleeping          |     1 |       ||     1
  Eat: Chunk             |     3 |     1 ||     4
       Pizza             |       |     2 ||     2
Armor: Robe              |    27 |    16 ||    43
Dodge: Dodged            |    40 |    46 ||    86
